 Seeded DCSS version 0.29-a0-22-gbf593b16ee (webtiles) character file.

Game seed: 11 (custom seed)

105 knot the Skirmisher (level 4, 0/37 HPs)
             Began as a Demonspawn Berserker on Jan 30, 2022.
             Was a Believer of Trog.
             Slain by a river rat (7 damage)
             ... in a sewer.
             The game lasted 00:01:34 (2159 turns).

knot the Skirmisher (Demonspawn Berserker)          Turns: 2159, Time: 00:01:35

Health: 0/37       AC:  2    Str: 18    XL:     4   Next: 54%
Magic:  4/4        EV: 12    Int: 10    God:    Trog [**....]
Gold:   85         SH:  0    Dex: 12    Spells: 3/3 levels left

rFire   . . .      SeeInvis .   a - +0 hand axe
rCold   . . .      Faith    .   (no shield)
rNeg    . . .      Spirit   .   b - +0 animal skin
rPois   .          Reflect  .   (no helmet)
rElec   .          Harm     .   (no cloak)
rCorr   .          Rampage  .   (no gloves)
Will    .....                   (no boots)
Stlth   +.........              (no amulet)
HPRegen 0.12/turn               (no ring)
MPRegen 0.09/turn               (no ring)

@: on berserk cooldown, slowed, very slow
A: powered by death 1, sturdy frame 1
a: Renounce Religion, Berserk, Trog's Hand


You were in a sewer.
You worshipped Trog.
Trog was pleased with you.
You visited 1 branch of the dungeon, and saw 3 of its levels.
You also visited: Sewer.

You collected 85 gold pieces.

Inventory:

Hand Weapons
 a - a +0 hand axe (weapon)
Missiles
 d - 39 stones (quivered)
 e - 44 bolts
 j - 2 boomerangs
 k - 14 arrows
Armour
 b - a +0 animal skin (worn)
Scrolls
 f - 5 scrolls of identify {unknown}
 i - a scroll of enchant weapon {unknown}
 n - a scroll of fog {unknown}
Potions
 c - 3 potions of brilliance {unknown}
 g - 2 potions of mutation {unknown}
 h - a potion of attraction {unknown}
 l - 2 potions of lignification {unknown}
 m - a potion of curing {unknown}


   Skills:
 + Level 3.7 Fighting
 + Level 3.4 Axes
 + Level 2.6 Armour
 + Level 2.6 Dodging


You had 3 spell levels left.
You didn't know any spells.
Your spell library was empty.

Dungeon Overview and Level Annotations

Branches:
Dungeon (3/15)              Sewer (1/1)

Altars:


Innate Abilities, Weirdness & Mutations

You regenerate a little health from kills.
Your movements are slightly less encumbered by armour. (ER -2)


Message History

You are exhausted.
You feel yourself slow down.
You start waiting.
A river rat comes into view.
The river rat moves out of view.
You start waiting.
A river rat is nearby!
A river rat is nearby!
You enter the shallow water.
Moving in this stuff is going to be slow.
You start waiting.
A river rat is nearby!
You barely miss the river rat. The river rat bites you.
You hit the river rat.
The river rat is heavily wounded.
The river rat barely misses you. x2
You hit the river rat.
The river rat is severely wounded.
The river rat bites you. The river rat misses you.
You completely miss the river rat.
The river rat is severely wounded.
The river rat bites you! The river rat closely misses you.
You hit the river rat but do no damage.
The river rat is severely wounded.
The river rat closely misses you.
You closely miss the river rat.
The river rat is severely wounded.
The river rat bites you but does no damage.
The river rat bites you.
You barely miss the river rat.
The river rat is severely wounded.
The river rat bites you!
* * * LOW HITPOINT WARNING * * *
The river rat closely misses you.
You closely miss the river rat.
The river rat is severely wounded.
The river rat bites you.
* * * LOW HITPOINT WARNING * * *
The river rat bites you!
You die...

## . .# #.# ##r# #.#
##########≈#############
≈≈#≈≈!.@r.....≈≈..≈≈≈≈≈≈
≈≈#≈≈!≈...≈.....≈.≈.†≈≈≈
########################


You could see a river rat.

Vanquished Creatures
  An adder (D:2)
  4 river rats
  A worm (D:2)
  5 endoplasms
  4 giant cockroaches
  4 goblins
  3 hobgoblins
  4 jackals
  A quokka (D:1)
  6 ball pythons
  8 bats
  3 frilled lizards
  5 kobolds
  6 rats
55 creatures vanquished.

Notes
Turn   | Place    | Note
-------+----------+-------------------------------------------
     0 | D:1      | knot the Demonspawn Berserker began the quest for the Orb.
     0 | D:1      | Reached XP level 1. HP: 18/18 MP: 1/1
    59 | D:1      | Gained mutation: You regenerate a little health from kills.
                  | [demonic ancestry]
    59 | D:1      | Reached XP level 2. HP: 20/24 MP: 2/2
   764 | D:1      | Found a faded altar of an unknown god.
   928 | D:2      | Gained mutation: Your movements are slightly less
                  | encumbered by armour. (ER -2) [demonic ancestry]
   928 | D:2      | Reached XP level 3. HP: 27/29 MP: 3/3
  1534 | D:2      | Reached ** piety under Trog
  2038 | D:3      | Found a glowing drain.
  2050 | D:3      | Reached XP level 4. HP: 35/35 MP: 4/4
  2058 | Sewer    | Entered a sewer
  2159 | Sewer    | Slain by a river rat

Illustrated notes

Levels and vault maps discovered:
D:1:      minmay_arrival_nine_rooms, layout_rooms, basic_ecumenical_altar
D:2:      layout_basic
D:3:      layout_loops_ring, minitemple, portal_sewer_entry_b,
          lemuel_old_faithful
Sewer:    sewer_co_cracked_pipes

Skill      XL: |  1  2 |
---------------+-------+-----
Dodging        | 2 |  2.6
Armour         | 2 |  2.6
Axes           | 3 |  3.4
Fighting       | |  3.7

Action                   |  1- 3 |  4- 6 || total
-------------------------+-------+-------++-------
Melee: Hand axe          |   128 |    33 ||   161
       Punch             |     4 |       ||     4
Invok: Berserk           |     3 |     1 ||     4
 Stab: Sleeping          |     2 |       ||     2
Armor: Animal skin       |    47 |     1 ||    48
Dodge: Dodged            |    97 |    18 ||   115

Table legend: (Time is in decaauts)
 A = Elapsed time spent in this place.
 B = Non-inter-level travel time spent in this place.
 C = Inter-level travel time spent in this place.
 D = Time resting spent in this place.
 E = Time spent auto-exploring this place.
 F = Levels seen in this place.
 G = Mean time per level.
                   A        B        C        D        E       F      G
               +--------+--------+--------+--------+--------+-----+--------+
         Total |   2223 |   2180 |     43 |    445 |   1404 |   4 |  555.8 |
       Dungeon |   2090 |   2047 |     43 |    419 |   1355 |   3 |  696.7 |
         Sewer |    132 |    132 |      0 |     26 |     49 |   1 |  132.0 |
               +--------+--------+--------+--------+--------+-----+--------+

Top non-repeatable levels by time:
     D:2: 1113 daAuts
     D:1: 930 daAuts
   Sewer: 132 daAuts
     D:3: 47 daAuts
